 Dungeon Crawl Stone Soup version 0.31-a0-164-g2312942fda (webtiles) character file.

Game seed: 1955546400938877235

302964 frimble the Octopoid Aeon (level 21, -1/188 HPs)
             Began as an Octopode Warper on June 13, 2023.
             Was the Champion of Cheibriados.
             Slain by a vault warden
             ... wielding a +0 glaive
              (20 damage)
             ... on level 1 of the Vaults.
             The game lasted 00:55:55 (38082 turns).

frimble the Octopoid Aeon (Octopode Warper)        Turns: 38082, Time: 00:55:56

Health: -1/188     AC: 36    Str: 43    XL:     21   Next: 7%
Magic:  27/33      EV: 27    Int: 53    God:    Cheibriados [******]
Gold:   2952       SH: 14    Dex: 28    Spells: 21/36 levels left

rFire   + .          .
                       - Unarmed
rCold   + . .        d - +1 buckler
rNeg    + . .        (helmet restricted)
rPois   ∞            n - amulet of reflection
rElec   +            f - ring of willpower
rCorr   +            M - ring of the Smoking Gods {EV+5 Str+3 Dex-2 SInv}
SInv    +            V - +6 ring of intelligence
Will    ++...        g - ring of Vite Muovewn {*Slow rC+ rCorr Str+6 Slay+5}
Stlth   ++++++       F - ring "Sausetur" {Fly Int+4}
HPRegen 0.51/turn    D - ring "Woitit" {rPois rF+ Str+6 Int+2}
MPRegen 0.23/turn    j - +4 ring of protection
                     U - +6 ring of intelligence

%: slow self (1%), reflection
@: statue-form, flying, studying 2 skills, very slow
A: slow and powerful, torment resistance 1, boosted hp, almost no armour,
amphibious, 8 rings, camouflage 1, (gelatinous body 1), (nimble swimmer 1),
tentacles
}: 2/15 runes: decaying, serpentine
a: End Transformation, Renounce Religion, Bend Time, Temporal Distortion,
Slouch, Step From Time


You were on level 1 of the Vaults.
You worshipped Cheibriados.
Cheibriados was exalted by your worship.
You were a living statue of rough stone.
You visited 7 branches of the dungeon, and saw 34 of its levels.
You also visited: Bailey, Gauntlet and Ice Cave.

You collected 4582 gold pieces.
You spent 1630 gold pieces at shops.

Inventory:

Armour
 d - a +1 buckler (worn)
 m - a +0 kite shield
Jewellery
 f - a ring of willpower (left tentacle)
 g - the ring of Vite Muovewn (on tentacle) {*Slow rC+ rCorr Str+6 Slay+5}
   (You bought it in a shop on level 2 of the Orcish Mines)

   [ring of strength]

   Str:       It affects your strength (+6).
   Slay:      It affects your accuracy & damage with ranged weapons and melee
   (+5).
   rC:        It protects you from cold.
   rCorr:     It protects you from acid and corrosion.
   *Slow:     It may slow you when you take damage.
 j - a +4 ring of protection (on tentacle)
 n - an amulet of reflection (around mantle)
 D - the ring "Woitit" (on tentacle) {rPois rF+ Str+6 Int+2}
   (You found it on level 8 of the Dungeon)

   [ring of strength]

   Str:       It affects your strength (+6).
   Int:       It affects your intelligence (+2).
   rF:        It protects you from fire.
   rPois:     It protects you from poison.
 F - the ring "Sausetur" (on tentacle) {Fly Int+4}
   (You found it on level 9 of the Dungeon)

   [ring of flight]

   Int:       It affects your intelligence (+4).
   Fly:       It grants you flight.
 J - a ring of wizardry
 M - the ring of the Smoking Gods (right tentacle) {EV+5 Str+3 Dex-2 SInv}
   (You found it on level 15 of the Dungeon)

   [ring of evasion]

   EV:        It affects your evasion (+5).
   Str:       It affects your strength (+3).
   Dex:       It affects your dexterity (-2).
   SInv:      It lets you see invisible.
 U - a +6 ring of intelligence (on tentacle)
 V - a +6 ring of intelligence (on tentacle)
Wands
 i - a wand of mindburst (17)
 C - a wand of polymorph (16)
 E - a wand of charming (66)
 H - a wand of flame (95)
 I - a wand of quicksilver (13)
 L - a wand of digging (31)
 W - a wand of iceblast (30)
Scrolls
 a - 5 scrolls of blinking
 e - 6 scrolls of enchant armour
 k - a scroll of summoning
 q - 2 scrolls of revelation
 u - 7 scrolls of amnesia
 x - 12 scrolls of fog
 y - 6 scrolls of poison
 B - 14 scrolls of teleportation
 N - 8 scrolls of fear
 Q - 20 scrolls of identify
 S - 8 scrolls of enchant weapon
 T - 6 scrolls of vulnerability
 Y - a scroll of brand weapon
Potions
 l - 2 potions of resistance
 o - 6 potions of attraction
 p - 7 potions of enlightenment
 r - 7 potions of haste
 s - 5 potions of brilliance
 t - 9 potions of might
 v - 2 potions of invisibility
 w - 20 potions of curing
 z - 7 potions of heal wounds
 A - 6 potions of magic
 G - 3 potions of mutation
 P - a potion of berserk rage
 R - a potion of cancellation
 X - 6 potions of ambrosia
Miscellaneous
 K - a phantom mirror
 O - a phial of floods


   Skills:
 - Level 13.0 Fighting
 - Level 3.2 Throwing
 - Level 10.0 Dodging
 - Level 10.0 Stealth
 + Level 10.2 Shields
 - Level 16.4 Unarmed Combat
 + Level 8.2 Spellcasting
 + Level 11.1 Necromancy
 - Level 6.0 Translocations
 - Level 10.0 Transmutations
 + Level 14.7 Earth Magic
 + Level 16.7 Invocations
 - Level 8.1 Evocations


You had 21 spell levels left.
You knew the following spells:

 Your Spells              Type           Power      Damage    Failure   Level
a - Blink                 Tloc           100%       N/A       1%          2
b - Statue Form           Tmut/Erth      67%        N/A       1%          6
c - Passwall              Tmut/Erth      84%        N/A       0%          2
d - Borgnjor's Vile Clut  Necr/Erth      51%        N/A       1%          5

Your spell library contained the following spells:

 Spells                   Type           Power      Damage    Failure   Level
 Sandblast                Erth           100%       2d20      0%          1
 Sublimation of Blood     Necr           96%        N/A       0%          2
 Apportation              Tloc           100%       N/A       1%          1
 Foxfire                  Conj/Fire      84%        2x1d8     1%          1
 Kiss of Death            Conj/Necr      100%       2d13      1%          1
 Magic Dart               Conj           84%        1d7       1%          1
 Call Imp                 Summ           42%        N/A       1%          2
 Lesser Beckoning         Tloc           100%       N/A       1%          2
 Scorch                   Fire           42%        2d6       1%          2
 Wereblood                Tmut           91%        N/A       1%          2
 Gell's Gravitas          Tloc           71%        N/A       1%          3
 Stone Arrow              Conj/Erth      100%       3d13      1%          3
 Teleport Other           Tloc           71%        N/A       1%          3
 Vhi's Electric Charge    Tloc/Air       100%       N/A       1%          3
 Dispel Undead            Necr           96%        3d30      1%          4
 Ice Form                 Ice/Tmut       66%        N/A       1%          4
 Leda's Liquefaction      Hex/Erth       39%        N/A       1%          4
 Manifold Assault         Tloc           71%        N/A       1%          4
 Petrify                  Tmut/Erth      100%       N/A       1%          4
 Agony                    Necr           96%        N/A       1%          5
 Lee's Rapid Deconstruct  Erth           54%        3d25*     1%          5
 Confusing Touch          Hex            21%        N/A       2%          3
 Dazzling Flash           Conj/Hex       42%        N/A       2%          3
 Frozen Ramparts          Ice            42%        1d7       2%          3
 Mephitic Cloud           Conj/Pois/Air  21%        N/A       2%          3
 Ozocubu's Armour         Ice            21%        N/A       2%          3
 Alistair's Intoxication  Tmut/Pois      44%        N/A       3%          5
 Leda's Unmaking          Conj/Erth      39%        9d7       7%          6
 Summon Forest            Summ/Tloc      26%        N/A       8%          5
 Flame Wave               Conj/Fire      21%        2d8       10%         4
 Summon Ice Beast         Ice/Summ       21%        N/A       10%         4
 Summon Lightning Spire   Summ/Air       21%        N/A       10%         4
 Simulacrum               Ice/Necr       34%        N/A       14%         6
 Eringya's Noxious Bog    Tmut/Pois      33%        N/A       19%         6
 Fireball                 Conj/Fire      10%        3d6       26%         5
 Metabolic Englaciation   Hex/Ice        10%        N/A       26%         5
 Silence                  Hex/Air        10%        N/A       26%         5
 Plasma Beam              Fire/Air       10%        2x1d21    82%         6
 Starburst                Conj/Fire      10%        6d5       82%         6
 Summon Cactus Giant      Summ           10%        N/A       82%         6
 Ozocubu's Refrigeration  Ice            10%        4d9       100%        7
 Summon Hydra             Summ           10%        N/A       100%        7
 Chain Lightning          Conj/Air       10%        3d14      100%        9
 Fire Storm               Conj/Fire      10%        8d3       100%        9


Dungeon Overview and Level Annotations

Branches:
Dungeon (15/15)            Temple (0/1) D:4            Lair (5/5) D:11
  Swamp (4/4) Lair:2        Snake (4/4) Lair:3        Slime (0/5) Lair:4
    Orc (2/2) D:11            Elf (3/3) Orc:2        Vaults (1/5) D:13
 Depths (0/4) D:15         Bailey (visited)           IceCv (visited)
Gauntlet (visited)

Altars:
Ashenzari
Cheibriados
Dithmenos
Elyvilon
Fedhas
Gozag
Nemelex Xobeh
Okawaru
Ru
Sif Muna
Trog
Vehumet
Yredelemnul
The Shining One
Jiyva

Shops:
D:3 =   D:12 (   D:13 (   D:14 :(?*   Orc:2 ((=*   Elf:1 ?   Elf:2 :
Snake:1 *   Snake:2 ==:

Annotations:
D:10 1 runed translucent door
D:12 2 transporters, pokeman's ghost, journeyman DEHW
Elf:2 3 runed translucent doors


Innate Abilities, Weirdness & Mutations

You are a living statue of rough stone.
Your actions are slow, but your melee attacks are powerful.
You are resistant to unholy torment.
Your maximum health is greatly increased.
You are immune to poison.
You cannot wear most types of armour.
You are amphibious.
You can wear up to eight rings at the same time.
Your skin changes colour to match your surroundings (Stealth+).
((Your rubbery body absorbs attacks. (AC +1, EV +1)))
((You are camouflaged when in or above water. (Stealth+)))
You have tentacles for arms and can constrict up to eight enemies at once.


Message History

You resist with almost no effort. The phantasmal warrior hits you!!
An ironbound frostheart comes into view.
You thrash the phantasmal warrior!!!
You destroy the phantasmal warrior!
Cheibriados appreciates the change of pace.
The great orb of eyes bites you!!
* * * LOW HITPOINT WARNING * * *
You thrash the great orb of eyes!!!
The great orb of eyes is almost dead.
The great orb of eyes completely misses you.
A yaktaur captain comes into view.
You thrash the great orb of eyes!!!
You kill the great orb of eyes!
Cheibriados thoroughly appreciates the change of pace.
The ironbound frostheart calls freezing cold from the walls.
The frost grips you! You resist.
* * * LOW HITPOINT WARNING * * *
You are encased in ice.
You step out of the flow of time.
You return to the normal time flow.
The ice encasing you melts away.
There is an open door here.
A vault warden comes into view. It is wielding a +0 glaive.
You reach down and close the door.
The vault warden shouts!
You block the vault warden's attack.
The vault warden activates a sealing rune.
The vault warden hits you with a +0 glaive!
* * * LOW HITPOINT WARNING * * *
The vault warden hits you with a +0 glaive!
* * * LOW HITPOINT WARNING * * *
You thrash the vault warden!!! You grab the vault warden.
The vault warden is severely wounded.
You constrict the vault warden.
The vault warden hits you but does no damage.
You bludgeon the vault warden!
You squeeze the vault warden, but do no damage.
The vault warden is severely wounded.
You constrict the vault warden.
The vault warden hits you with a +0 glaive!!
You die...

#...........#
#.#.#.#.#.#.# #######
#...........# ##.....#
#.#.#.#.#.#.# #...#...
#...........#####.###.#
#.#.#.#.#.#.##.#...#...
#...........#....>.....
#.#.#.#p#.#.#..#...#...
#.....8.....#.###.###.#
#.#.#.#.#.#.#..#...#...
#...........'..........
###+##########.#...#...
#..# ####.###.# #.)))#
#...#... #....#
##.....# #......
##'#### ...#..#..
#......


You could see a vault warden.

Vanquished Creatures
  Bai Suzhen (Swamp:3)
  the Lernaean hydra (Swamp:4)
  Saint Roka (Orc:2)
  Nikola (Elf:3)
  The ghost of Dittersdorf the Slayer, an adept GrFi of Okawaru (Elf:3)
  A tentacled monstrosity (Swamp:3)
  A deep elf blademaster (Elf:3)
  3 deep elf master archers (Elf:3)
  Frances (Elf:1)
  A thorn hunter (Swamp:3)
  The ghost of Bialiabluu the Warrior, an adept GrEE of Gozag (D:15)
  Roxanne (Elf:3)
  5 nagarajas (Snake:4)
  A fenstrider witch (Swamp:3)
  8 deep elf sorcerers
  2 vault wardens (Vaults:1)
  3 deep elf elementalists
  Aizul (Swamp:1)
  An ironbound preserver (Vaults:1)
  2 orc warlords
  A war gargoyle (Vaults:1)
  An ironbound thunderhulk (Vaults:1)
  6 eleionomae
  A dire elephant (Gauntlet)
  5 deep elf annihilators
  12 bunyips
  5 deep elf demonologists (Elf:3)
  Azrael (D:12)
  A spark wasp (shapeshifter) (Vaults:1)
  A minotaur (Gauntlet)
  7 deep elf death magi
  The ghost of olmar the Martial Artist, a journeyman GnTm of Gozag (Orc:1)
  2 great orbs of eyes (Vaults:1)
  A shambling mangrove (Swamp:4)
  8 vault guards (D:13)
  23 hydras
  A yaktaur captain (Vaults:1)
  4 deep elf high priests (Elf:3)
  2 salamander tyrants (Snake:4)
  An ogre mage (Orc:2)
  A peacekeeper (Vaults:1)
  A merfolk avatar (Lair:5)
  An ironbound frostheart (Vaults:1)
  9 centaur warriors
  A ghost crab (Swamp:4)
  7 anacondas
  5 boulder beetles
  8 alligators
  13 two-headed ogres
  16 dancing weapons
  3 tengu warriors
  11 naga warriors
  7 death yaks (Lair:3)
  2 orc high priests (Elf:3)
  8 naga sharpshooters
  5 shock serpents
  Nergalle (Lair:1)
  13 deep elf knights
  13 spriggans
  2 large abominations (Gauntlet)
  10 skeletal warriors
  6 salamander mystics
  2 sea snakes (Lair:5)
  4 spriggan druids
  13 swamp dragons
  A death drake (Swamp:4)
  A goliath frog (Swamp:3)
  3 bog bodies
  2 necromancers
  7 naga ritualists
  A lindwurm (Lair:5)
  Pikel (D:6)
  11 deep elf archers
  3 wizards
  An ironbound convoker (Vaults:1)
  A phantasmal warrior (Vaults:1)
  2 orc knights
  3 harpies (Lair:5)
  21 deep elf zephyrmancers
  36 deep elf pyromancers
  13 mana vipers
  10 orc sorcerers
  18 ugly things
  6 cyclopes
  4 manticores
  18 elephants
  4 guardian serpents
  4 will-o-the-wisps
  12 salamanders
  24 naga magi
  2 centaur zombies (D:15)
  29 black mambas
  3 ice statues
  3 gargoyles
  A torpor snail (Lair:5)
  A hellion (Gauntlet)
  4 kobold demonologists
  An efreet (D:15)
  2 unseen horrors (D:12)
  21 cane toads
  10 rime drakes
  A yaktaur (D:14)
  5 komodo dragons
  3 anaconda simulacra (IceCv)
  5 ice devils
  A tengu conjurer (D:15)
  5 trolls
  3 meliai (D:12)
  A queen bee (D:12)
  A meliai (shapeshifter) (D:14)
  10 tyrant leeches
  A polar bear (shapeshifter) (Elf:3)
  7 polar bears
  7 dream sheep (Lair:3)
  17 hornets
  A tarantella (shapeshifter) (Elf:3)
  43 blink frogs
  A raiju (shapeshifter) (Elf:3)
  5 slime creatures (D:14)
  4 air elementals
  2 centaur simulacra
  48 yaks
  5 wyverns
  A wyvern (shapeshifter) (Elf:3)
  3 vampires
  2 shadows
  11 fire elementals
  6 wraiths
  A dire elephant simulacrum (IceCv)
  2 water elementals
  4 basilisks
  A death yak simulacrum (IceCv)
  3 vampire mosquitoes (D:13)
  3 steam dragons
  Menkaure (D:7)
  3 acid dragons
  10 wargs
  11 swamp worms
  4 harpy simulacra (IceCv)
  64 nagas
  2 hydra simulacra (IceCv)
  11 water moccasins
  A spectral troll (Orc:1)
  6 hell hounds
  7 ice beasts
  2 black bears
  6 swamp drakes
  26 orc warriors
  10 ogres
  11 wolves
  12 centaurs
  6 small abominations (Gauntlet)
  3 lemures (D:6)
  2 phantoms
  5 kobold brigands
  A gnoll sergeant (D:12)
  7 bullfrogs
  5 earth elementals
  2 scorpions
  A cane toad simulacrum (IceCv)
  14 wights
  A two-headed ogre simulacrum (IceCv)
  A spectral ogre (Orc:1)
  21 killer bees
  3 howler monkeys (D:11)
  17 orc priests
  8 hounds
  4 sleepcaps
  37 orc wizards
  5 hell rats (Lair:4)
  A troll simulacrum (IceCv)
  A boggart skeleton (D:15)
  A polar bear simulacrum (IceCv)
  11 gnolls
  10 adders
  An ogre simulacrum (Orc:1)
  A shadow imp (D:7)
  6 white imps
  An ufetubus (D:6)
  A spectral gnoll (Orc:1)
  A worm (D:3)
  3 dart slugs
  112 orcs
  3 orc simulacra (Orc:1)
  6 bats
  7 endoplasms
  11 giant cockroaches
  14 goblins
  9 hobgoblins
  4 jackals
  2 quokkas
  6 ball pythons
  4 frilled lizards
  42 kobolds
  5 rats
  2 rat zombies (D:5)
1375 creatures vanquished.

Vanquished Creatures (collateral kills)
  A bullfrog (D:6)
  An orc (Orc:2)
  A hobgoblin (Bailey)
3 creatures vanquished.

Vanquished Creatures (others)
  A deep elf pyromancer (Elf:1)
  A bloated husk (Swamp:3)
  A water elemental (Elf:3)
  An orc warrior (Elf:3)
  2 orcs (Orc:2)
  A kobold (D:11)
  14 foxfires
21 creatures vanquished.

Grand Total: 1399 creatures vanquished

Notes
Turn   | Place    | Note
-------+----------+-------------------------------------------
     0 | D:1      | frimble the Octopode Warper began the quest for the Orb.
     0 | D:1      | Reached XP level 1. HP: 14/14 MP: 3/3
    85 | D:1      | Reached XP level 2. HP: 15/19 MP: 5/5
   426 | D:1      | Learned a level 2 spell: Blink
   466 | D:1      | Reached XP level 3. HP: 15/24 MP: 6/6
  1162 | D:2      | Reached XP level 4. HP: 27/29 MP: 7/7
  1858 | D:3      | Found Pozusu's Jewellery Shop.
  1889 | D:3      | Found a faded altar of an unknown god.
  1975 | D:3      | Found a radiant altar of Vehumet.
  1976 | D:3      | Found a sacrificial altar of Ru.
  1976 | D:3      | Found a sparkling altar of Nemelex Xobeh.
  1977 | D:3      | Found a snail-covered altar of Cheibriados.
  2040 | D:3      | Became a worshipper of Cheibriados the Contemplative
  2076 | D:3      | Reached XP level 5. HP: 20/34 MP: 8/8
  2192 | D:3      | Found a glowing golden altar of the Shining One.
  2219 | D:3      | Reached skill level 1 in Shields
  2228 | D:3      | Reached skill level 5 in Unarmed Combat
  2793 | D:4      | Reached XP level 6. HP: 31/39 MP: 9/9
  2906 | D:4      | Found a staircase to the Ecumenical Temple.
  2992 | D:4      | Reached * piety under Cheibriados
  3574 | D:5      | Entered Level 5 of the Dungeon
  3587 | D:5      | Reached XP level 7. HP: 28/45 MP: 10/10
  3686 | D:5      | Found a shimmering blue altar of Sif Muna.
  3876 | D:5      | Reached ** piety under Cheibriados
  4373 | D:5      | Reached XP level 8. HP: 19/53 MP: 11/11
  4379 | D:5      | Reached skill level 5 in Shields
  4671 | D:6      | Noticed a yak
  4672 | D:6      | Noticed a yak
  4672 | D:6      | Noticed a yak
  4674 | D:6      | Noticed a yak
  5133 | D:7      | Noticed Menkaure
  5165 | D:7      | Killed Menkaure
  5214 | D:7      | Reached skill level 5 in Dodging
  5264 | D:7      | Reached skill level 5 in Fighting
  5365 | D:7      | Found a flagged portal.
  5371 | Bailey   | Entered a bailey
  5395 | Bailey   | Noticed an orc warlord
  5436 | Bailey   | Reached *** piety under Cheibriados
  5455 | Bailey   | Reached XP level 9. HP: 40/61 MP: 12/12
  5565 | Bailey   | Found a runed translucent gate.
  5565 | Bailey   | Found a runed translucent gate.
  5565 | Bailey   | Found a runed translucent gate.
  5779 | Bailey   | Killed an orc warlord
  5938 | Bailey   | Reached XP level 10. HP: 74/74 MP: 13/13
  5939 | Bailey   | Identified the +9 bardiche "Xoph" {pain, rElec rC- rCorr
                  | Int-5}
  6358 | D:7      | Reached **** piety under Cheibriados
  6788 | D:6      | Reached skill level 1 in Invocations
  7021 | D:6      | Found a shadowy altar of Dithmenos.
  7365 | D:6      | Noticed Pikel
  7408 | D:6      | Killed Pikel
  7409 | D:6      | Reached XP level 11. HP: 59/80 MP: 15/15
  7792 | D:8      | Found an opulent altar of Gozag.
  8018 | D:8      | Identified the ring "Woitit" {rPois rF+ Str+6 Int+2}
  8330 | D:8      | Reached ***** piety under Cheibriados
  8388 | D:8      | Reached skill level 10 in Shields
  8606 | D:9      | Found a blossoming altar of Fedhas.
  8798 | D:9      | Learned a level 6 spell: Statue Form
  8815 | D:9      | Identified the ring "Sausetur" {Fly Int+4}
  9072 | D:9      | Found an iron altar of Okawaru.
  9101 | D:9      | Reached skill level 10 in Unarmed Combat
  9434 | D:9      | Noticed a two-headed ogre
  9595 | D:3      | Bought a +4 ring of protection for 504 gold pieces
  9979 | D:9      | Killed a two-headed ogre
  9980 | D:9      | Reached skill level 1 in Transmutations
  9980 | D:9      | Reached skill level 1 in Earth Magic
 10401 | D:10     | Entered Level 10 of the Dungeon
 10415 | D:10     | Noticed a two-headed ogre
 10421 | D:10     | Killed a two-headed ogre
 10525 | D:10     | Found a runed translucent door.
 10526 | D:10     | Found a basalt altar of Yredelemnul.
 10552 | D:10     | Noticed a skeletal warrior
 10552 | D:10     | Noticed a cyan ugly thing
 10556 | D:10     | Noticed a two-headed ogre
 10557 | D:10     | Killed a cyan ugly thing
 10564 | D:10     | Killed a skeletal warrior
 10567 | D:10     | Killed a two-headed ogre
 10904 | D:10     | Paralysed by a hornet for 2 turns
 11306 | D:10     | Found a white marble altar of Elyvilon.
 11308 | D:10     | Found a broken altar of Ashenzari.
 11372 | D:10     | Noticed a two-headed ogre
 11384 | D:10     | Killed a two-headed ogre
 11385 | D:10     | Reached skill level 5 in Invocations
 11385 | D:10     | Reached XP level 12. HP: 85/85 MP: 19/19
 12212 | D:11     | Reached skill level 5 in Spellcasting
 12269 | D:11     | Found a staircase to the Lair.
 12835 | D:11     | Found a staircase to the Orcish Mines.
 13024 | Lair:1   | Entered Level 1 of the Lair of Beasts
 13025 | Lair:1   | Noticed Nergalle
 13036 | Lair:1   | Killed Nergalle
 13551 | Lair:1   | Reached skill level 5 in Transmutations
 13551 | Lair:1   | Reached skill level 5 in Earth Magic
 14100 | Lair:2   | Reached skill level 5 in Translocations
 14230 | Lair:2   | Reached XP level 13. HP: 90/90 MP: 21/21
 14254 | Lair:2   | Reached ****** piety under Cheibriados
 15149 | Lair:2   | Found a staircase to the Swamp.
 15588 | Lair:3   | Found a staircase to the Snake Pit.
 15678 | Lair:3   | Reached skill level 1 in Stealth
 15679 | Lair:3   | Reached skill level 1 in Evocations
 15740 | Lair:3   | Identified the +10 war axe of Wyrd {flame, Drain rElec
                  | Will+ Str+3}
 16405 | Lair:3   | Reached XP level 14. HP: 97/97 MP: 22/22
 16660 | Lair:4   | Found a staircase to the Slime Pits.
 16660 | Lair:4   | Found a viscous altar of Jiyva.
 16664 | Lair:4   | Learned a level 2 spell: Passwall
 17381 | Lair:5   | Entered Level 5 of the Lair of Beasts
 17409 | Lair:5   | Reached skill level 5 in Stealth
 17590 | Lair:5   | Reached skill level 10 in Fighting
 17596 | Lair:5   | Found the +7 great mace "Firestarter" {flame, immolate,
                  | rFlCloud rF++}
 17844 | Lair:5   | Reached XP level 15. HP: 93/103 MP: 23/23
 18055 | Lair:5   | Reached skill level 5 in Evocations
 18771 | D:12     | Noticed Azrael
 18779 | D:12     | Reached skill level 10 in Invocations
 18782 | D:12     | Killed Azrael
 18959 | D:12     | Found a transporter.
 18965 | D:12     | Found a bloodstained altar of Trog.
 18973 | D:12     | Noticed pokeman's ghost (journeyman DEHW)
 18980 | D:12     | Found a transporter.
 19134 | D:12     | Found Zycw's Weapon Shop.
 19751 | D:13     | Found a gate to the Vaults.
 19805 | D:13     | Found Detuesum's Weapon Boutique.
 20698 | D:14     | Found Tohont's Book Emporium.
 20757 | D:14     | Reached XP level 16. HP: 112/112 MP: 24/24
 20803 | D:14     | Reached skill level 10 in Earth Magic
 20825 | D:14     | Reached skill level 10 in Transmutations
 21123 | D:14     | Found Yceel's Antique Weapon Shoppe.
 21265 | D:14     | Found Wunoh's Assorted Antiques.
 21300 | D:14     | Found Jorghu Soza's Magic Scroll Emporium.
 21498 | D:15     | Entered Level 15 of the Dungeon
 21639 | D:15     | Found a runed translucent gate.
 21639 | D:15     | Found a runed translucent gate.
 21639 | D:15     | Found a runed translucent gate.
 21641 | D:15     | Noticed Bialiabluu's ghost (adept GrEE)
 21812 | D:15     | Found a gate leading to a gauntlet.
 21815 | Gauntlet | Entered a Gauntlet
 21815 | Gauntlet | Found a transporter.
 21822 | Gauntlet | Found a transporter.
 21834 | Gauntlet | Found a transporter.
 21938 | Gauntlet | Found a transporter.
 21947 | Gauntlet | Found a transporter.
 21947 | Gauntlet | Found a transporter.
 21964 | Gauntlet | Found a transporter.
 22016 | Gauntlet | Found a transporter.
 22029 | Gauntlet | Found a transporter.
 22030 | Gauntlet | Found a transporter.
 22033 | Gauntlet | Identified an amulet of Sougg {Faith Will++ Str+5}
 22055 | Gauntlet | Found a transporter.
 22055 | Gauntlet | Found a transporter.
 22055 | Gauntlet | Found a transporter.
 22082 | Gauntlet | Found a transporter.
 22391 | D:15     | Reached skill level 10 in Stealth
 22409 | D:15     | Found a staircase to the Depths.
 23136 | D:15     | Killed Bialiabluu's ghost
 23155 | D:15     | Identified the ring of the Smoking Gods {EV+5 Str+3 Dex-2
                  | SInv}
 23309 | Orc:1    | Entered Level 1 of the Orcish Mines
 23484 | Orc:1    | Found a runed translucent gate.
 23484 | Orc:1    | Found a runed translucent gate.
 23550 | Orc:1    | Found a runed translucent gate.
 23555 | Orc:1    | Noticed olmar's ghost (journeyman GnTm)
 23843 | Orc:1    | Killed olmar's ghost
 23895 | Orc:2    | Entered Level 2 of the Orcish Mines
 23900 | Orc:2    | Found a frozen archway.
 23919 | IceCv    | Entered an ice cave
 24716 | Orc:2    | Noticed Saint Roka
 24729 | Orc:2    | Killed Saint Roka
 24899 | Orc:2    | Reached XP level 17. HP: 106/114 MP: 20/26
 25099 | Orc:2    | Found Tuan's Assorted Antiques.
 25099 | Orc:2    | Found Boec's Jewellery Shoppe.
 25113 | Orc:2    | Bought a scroll of teleportation for 78 gold pieces
 25129 | Orc:2    | Bought the ring of Vite Muovewn {*Slow rC+ rCorr Str+6
                  | Slay+5} for 994 gold pieces
 25195 | Orc:2    | Found Nabir's Antique Weapon Boutique.
 25195 | Orc:2    | Found Loydicom's Antique Weapon Shoppe.
 25284 | Orc:2    | Found a staircase to the Elven Halls.
 25667 | Elf:1    | Entered Level 1 of the Elven Halls
 25686 | Elf:1    | Reached skill level 10 in Dodging
 25761 | Elf:1    | Learned a level 5 spell: Borgnjor's Vile Clutch
 25764 | Elf:1    | Found Ebliroto's Magic Scroll Shoppe.
 25881 | Elf:1    | Noticed Frances
 25886 | Elf:1    | Killed Frances
 25892 | Elf:1    | Reached skill level 1 in Necromancy
 26404 | Elf:1    | Bought a scroll of teleportation for 54 gold pieces
 27485 | Elf:2    | Found a runed translucent gate.
 27496 | Elf:2    | Found a runed translucent gate.
 27496 | Elf:2    | Found a runed translucent gate.
 27602 | Elf:2    | Found Lugiaril's One-of-a-Kind Books.
 27639 | Elf:2    | Reached XP level 18. HP: 127/127 MP: 29/29
 28094 | Elf:3    | Entered Level 3 of the Elven Halls
 28334 | Elf:3    | Identified the +1 pair of gloves "Hoamud" {-Tele rPois
                  | rCorr}
 28334 | Elf:3    | Noticed Nikola
 28341 | Elf:3    | Killed Nikola
 28417 | Elf:3    | Noticed Dittersdorf's ghost (adept GrFi)
 28418 | Elf:3    | Found a runed translucent door.
 28560 | Elf:3    | Noticed a deep elf master archer
 28570 | Elf:3    | Killed a deep elf master archer
 28570 | Elf:3    | Identified an amulet of Pahod {Faith Slay+3}
 28571 | Elf:3    | Reached skill level 5 in Necromancy
 28699 | Elf:3    | Noticed a deep elf master archer
 28705 | Elf:3    | Killed a deep elf master archer
 28804 | Elf:3    | Identified the +9 flail "Beetle's Nightmare" {flame, Fly
                  | rElec rN+++ Stlth-}
 28806 | Elf:3    | Noticed a deep elf master archer
 28815 | Elf:3    | Killed a deep elf master archer
 29070 | Elf:3    | Noticed a deep elf blademaster
 29073 | Elf:3    | Killed a deep elf blademaster
 29076 | Elf:3    | Noticed a Brimstone Fiend
 29169 | Elf:3    | Got Gilot's Handbook of Lithic Electrocution
 29174 | Elf:3    | Identified the +4 scale mail of the Doldrums {-Cast rPois
                  | rF+++ Stlth+}
 29218 | Elf:3    | Paralysed by an air elemental for 1 turns
 29720 | Elf:3    | Noticed Roxanne
 29767 | Elf:3    | Killed Roxanne
 29888 | Elf:3    | Killed Dittersdorf's ghost
 30282 | Snake:1  | Entered Level 1 of the Snake Pit
 30315 | Snake:1  | Reached XP level 19. HP: 103/134 MP: 25/31
 30493 | Snake:1  | Identified the staff of cold "Uczur" {rF++ rC+ Dex+3}
 30554 | Snake:1  | Found Duthaelu's Neck Hole.
 30799 | Snake:1  | Found a basalt altar of Yredelemnul.
 31785 | Snake:2  | Identified the +0 ring mail of Watchfulness {rPois Int+3}
 32285 | Snake:2  | Found Sogyny's Jewellery Boutique.
 32286 | Snake:2  | Found Gapacauj's Book Shoppe.
 32287 | Snake:2  | Found Itoziemi's Jewellery Boutique.
 32478 | Snake:3  | Reached skill level 15 in Unarmed Combat
 33086 | Snake:4  | Entered Level 4 of the Snake Pit
 33092 | Snake:4  | Reached skill level 15 in Invocations
 33979 | Snake:4  | Got a serpentine rune of Zot
 34376 | Swamp:1  | Entered Level 1 of the Swamp
 34390 | Swamp:1  | Reached XP level 20. HP: 140/140 MP: 28/32
 34477 | Swamp:1  | Noticed Aizul
 34483 | Swamp:1  | Killed Aizul
 34893 | Swamp:1  | Got the Almanac of the Incandescent Mountains
 36059 | Swamp:3  | Reached skill level 10 in Necromancy
 36062 | Swamp:3  | Noticed Bai Suzhen
 36067 | Swamp:3  | Killed Bai Suzhen
 36437 | Swamp:3  | Identified a scroll of acquirement
 36642 | Swamp:4  | Entered Level 4 of the Swamp
 36715 | Swamp:4  | Noticed the 27-headed Lernaean hydra
 36725 | Swamp:4  | Killed the 27-headed Lernaean hydra
 36762 | Swamp:4  | Acquired 919 gold pieces
 36961 | Swamp:4  | Identified the +3 ring mail of Fun and Games {*Slow +Inv
                  | rC+++ Dex+2}
 37389 | Swamp:4  | Got a decaying rune of Zot
 37743 | Vaults:1 | Entered Level 1 of the Vaults
 37858 | Vaults:1 | Reached XP level 21. HP: 145/145 MP: 28/33
 38082 | Vaults:1 | Slain by a vault warden

Illustrated notes

Levels and vault maps discovered:
D:1:      mrwooster_arrival_statue_3, layout_basic
D:2:      minmay_alternating_diamond, layout_loops_ring
D:3:      layout_basic, chequers_temple_overflow_statue_of_worship,
          tso_metal_star, serial_shops, shop, shapermc_ecumenical_altar_venn,
          serial_rivers, chequers_serial_rivers_large_b,
          chequers_serial_rivers_marsh, chequers_serial_rivers_room_b,
          chequers_serial_rivers_micro_d
D:4:      layout_loops_cross, minmay_temple_entry_drinking_statues
D:5:      layout_loops_ring, nicolae_sif_muna_condensation, enter_ossuary_4
D:6:      layout_basic, mainiacjoe_overflow_concentric_impassable,
          nicolae_concentric_dashed_squares_wild, kennysheep_generic_room_10,
          uniq_pikel
D:7:      layout_gridville, enter_bailey_7, uniq_menkaure
D:8:      layout_gridville, mainiacjoe_overflow_tiny_flanked
D:9:      layout_layer_cave, mainiacjoe_overflow_paths,
          mainiacjoe_overflow_cross_hatched
D:10:     layout_loops_corners, dk_yredelemnul_ordeal,
          nicolae_overflow_hidden_temple, minmay_chambers_of_fives
D:11:     layout_rooms, hellmonk_lair_entry_icy, david_orc_5
D:12:     layout_long_grid, special_room [special_room_bee],
          gammafunk_ghost_wrathful_warriors, serial_shops, shop, uniq_azrael
D:13:     layout_roguey, erik_vaults_2, serial_shops, shop
D:14:     minmay_box_of_statues, layout_rooms, serial_shops, bzr_entry_dummy,
          nicolae_shop_tiny_real_fake_doors, nicolae_diamond_shop,
          kennysheep_mini_moat, shop, infiniplex_staircase_zigzag_3
D:15:     grunt_enter_depths_magical_seal, layout_stronghold,
          gammafunk_ghost_hydra_chop, gauntlet_entry_generic, dk_noncrumbling_4
Lair:1:   layout_chaotic_city, uniq_nergalle
Lair:2:   layout_cave_pods, palyth_hydra_swamp_entry
Lair:3:   dreamdust_cave_troll, layout_gridlike,
          minmay_snake_entry_guardpost_medium
Lair:4:   layout_loops_ring, slime_entry_1
Lair:5:   gammafunk_lair_ancient_temple, layout_big_grid
Swamp:1:  layout_basic_swamp, nicolae_swamp_ascending_descending,
          nicolae_swamp_frolicking_bunyips, uniq_aizul
Swamp:2:  layout_falls_marsh, nicolae_swamp_tree_isthmus,
          infiniplex_staircase_pool
Swamp:3:  layout_basic_swamp, evilmike_swamp_ruin_house_5, uniq_bai_suzhen
Swamp:4:  swamp_alternative, layout_basic_swamp
Snake:1:  layout_onion_interference, basic_altar,
          nicolae_snake_gridmaze_entwining, nicolae_shop_sticking_my_neck_out
Snake:2:  layout_onion_interference, minmay_shop_grove, lemuel_fruit_tree
Snake:3:  layout_basic, nicolae_letterblocks [nicolae_letter_subblock,
          nicolae_letter_subblock, nicolae_letter_subblock,
          nicolae_letter_subblock, nicolae_letter_subblock,
          nicolae_letter_subblock, nicolae_letter_subblock,
          nicolae_letter_subblock, nicolae_letter_subblock,
          nicolae_letter_subblock, nicolae_letter_subblock,
          nicolae_letter_subblock, nicolae_letter_subblock,
          nicolae_letter_subblock, nicolae_letter_subblock,
          nicolae_letter_subblock, nicolae_letter_subblock,
          nicolae_letter_subblock, nicolae_letter_subblock,
          nicolae_letter_subblock, nicolae_letter_subblock,
          nicolae_letter_subblock, nicolae_letter_subblock,
          nicolae_letter_subblock, nicolae_letter_subblock]
Snake:4:  minmay_snake_end_coiled, layout_misc_corridors
Orc:1:    layout_diamond_mine, basic_altar, gammafunk_ghost_necromancy
Orc:2:    st_orc_town, layout_diamond_mine, portal_ice_cave_rime, basic_altar,
          uniq_saint_roka
Elf:1:    kennysheep_oblong_rooms, layout_loops_corners, serial_shops,
          shop_statue, hangedman_elven_crosses_minicolossus, minivault_20,
          minivault_25_ag, drop_trap, uniq_frances
Elf:2:    nicolae_elf_blades_crystal_corner, layout_loops_corners,
          nicolae_rare_books, abandoned_shop
Elf:3:    minmay_elf_hall_quartered_circle, layout_gridlike,
          hellmonk_ghost_happy_afterlife, hangedman_decor_cross_pass,
          uniq_nikola, uniq_roxanne
Vaults:1: nicolae_vaults_little_squares_6, ontoclasm_vaults_shuriken,
          v_alt_pattern_1, vaults_mumra_chevron_long,
          ontoclasm_vaults_loading_screen, hangedman_vaults_maws,
          vaults_room_hallway, nicolae_vaults_circle_grid_b, st_quartered_hall,
          v_misc_2, nicolae_vaults_network_square,
          vaults_room_grunt_arrival_ludios, ontoclasm_vaults_decontamination,
          layout_vaults_big_cross

Skill      XL: |  1  2  3  4  5  6  7  8  9 10 11 12 13 14 15 16 17 18 19 20 |
---------------+-------------------------------------------------------------+-----
Unarmed Combat | 3 4 5 6 9 10 11 12 13 14 15 16 | 16.4
Shields        | 2 3 4 6 9 10 | 10.2
Dodging        | 3 5 6 7 8 9 10 | 10.0
Fighting       | 3 5 9 10 11 12 13 | 13.0
Throwing       | 3 |  3.2
Invocations    | 2 5 7 8 9 10 11 12 14 15 16 | 16.7
Spellcasting   | 4 5 6 7 8 |  8.2
Transmutations | 3 5 7 8 9 10 | 10.0
Earth Magic    | 3 5 7 8 9 10 12 13 14 | 14.7
Translocations | 5 6 |  6.0
Stealth        | 3 6 8 10 | 10.0
Evocations     | 2 4 6 8 |  8.1
Necromancy     | 3 7 9 11 | 11.1

Action                     |  1- 3 |  4- 6 |  7- 9 | 10-12 | 13-15 | 16-18 | 19-21 || total
---------------------------+-------+-------+-------+-------+-------+-------+-------++-------
  Melee: Unarmed           |    90 |   122 |   152 |   439 |   560 |   723 |   494 ||  2580
         Tentacles         |    21 |    34 |    34 |   135 |   163 |   186 |   143 ||   716
         Constrict         |    16 |    33 |    42 |    83 |    97 |   143 |    59 ||   473
         Punch             |     4 |     7 |    12 |    38 |    55 |    60 |    67 ||   243
  Throw: Dart              |       |     4 |    18 |    27 |       |       |       ||    49
         Boomerang         |       |       |     5 |     4 |     5 |     1 |       ||    15
   Cast: Blink             |       |       |     3 |     4 |     4 |     4 |    10 ||    25
         Statue Form       |       |       |       |       |    40 |    84 |    55 ||   179
         Passwall          |       |       |       |       |       |    15 |       ||    15
         Borgnjor's Vile C |       |       |       |       |       |     4 |    12 ||    16
 Invoke: Slouch            |       |       |       |     3 |     4 |     4 |     5 ||    16
         Step From Time    |       |       |       |       |       |     1 |     2 ||     3
         Temporal Distorti |       |       |       |       |       |       |     3 ||     3
  Evoke: Wand              |       |       |     4 |       |       |     3 |     1 ||     8
         Phial of floods   |       |       |       |       |       |     1 |     1 ||     2
         Phantom mirror    |       |       |       |       |       |     1 |       ||     1
    Use: Scroll            |     5 |     6 |     8 |     6 |     5 |     3 |     2 ||    35
         Potion            |       |       |     4 |       |       |     2 |     1 ||     7
   Stab: Sleeping          |    13 |     9 |     6 |     7 |     9 |    17 |    13 ||    74
         Distracted        |       |       |       |       |     3 |     5 |     1 ||     9
         Confused          |       |       |       |       |       |       |     1 ||     1
 Armour: Skin              |     6 |     7 |     7 |    30 |   333 |   253 |   237 ||   873
  Dodge: Dodged            |    42 |    62 |    71 |   199 |   683 |   666 |   811 ||  2534
  Block: Buckler           |       |    39 |    82 |   285 |   637 |   612 |   602 ||  2257
         Reflection        |       |     2 |     4 |     7 |    16 |    68 |    70 ||   167

Table legend: (Time is in decaauts)
 A = Elapsed time spent in this place.
 B = Non-inter-level travel time spent in this place.
 C = Inter-level travel time spent in this place.
 D = Time resting spent in this place.
 E = Time spent auto-exploring this place.
 F = Levels seen in this place.
 G = Mean time per level.
                   A        B        C        D        E       F      G
               +--------+--------+--------+--------+--------+-----+--------+
         Total |  62071 |  57833 |   4238 |     34 |  47309 |  37 | 1677.6 |
       Dungeon |  25169 |  23049 |   2120 |     34 |  19217 |  15 | 1677.9 |
          Lair |   9520 |   8589 |    931 |      0 |   7309 |   5 | 1904.0 |
         Swamp |   5528 |   5260 |    268 |      0 |   4444 |   4 | 1382.0 |
     Snake Pit |   7267 |   6895 |    372 |      0 |   5566 |   4 | 1816.8 |
  Orcish Mines |   3311 |   3036 |    275 |      0 |   2315 |   2 | 1655.5 |
   Elven Halls |   8079 |   7809 |    270 |      0 |   6037 |   3 | 2693.0 |
        Vaults |    637 |    637 |      0 |      0 |    520 |   1 |  637.0 |
        Bailey |    780 |    780 |      0 |      0 |    550 |   1 |  780.0 |
      Ice Cave |   1158 |   1158 |      0 |      0 |    950 |   1 | 1158.0 |
      Gauntlet |    618 |    618 |      0 |      0 |    398 |   1 |  618.0 |
               +--------+--------+--------+--------+--------+-----+--------+

Top non-repeatable levels by time:
   Elf:3: 3210 daAuts
   Elf:1: 3027 daAuts
     D:9: 2665 daAuts
  Lair:2: 2556 daAuts
    D:15: 2492 daAuts
    D:10: 2345 daAuts
 Snake:2: 2127 daAuts
    D:12: 2047 daAuts
    D:14: 2035 daAuts
   Orc:2: 1884 daAuts
 Snake:1: 1864 daAuts
  Lair:3: 1843 daAuts
   Elf:2: 1841 daAuts
 Snake:4: 1835 daAuts
     D:7: 1817 daAuts
